cohdb
Replays
Latest Replays
All Replays
Popular Replays
Top Player Replays
Match Explorer
How It Works
Community
CoH3 Stats
Reddit
Sign in to upload your games and track your stats! →
Sign in with Steam
Match 45518197
Unlisted
Match 45518197
Overview
Messages
Build Orders
End
Kradschützen Motorcycle Team
Panzergrenadier Squad
250 Light Carrier
Panzerpioneer Squad
Panzerpioneer Squad
Construct Light Support Kompanie
Construct Mechanized Kompanie
Combat Half-tracks
Fire Support Elements
Selects Battlefield Espionage Battlegroup
Selects 250/3 Funkpanzerwagen
Assault Mechanized Group
2.5-tonne Medical Truck
Selects Intel Disruption Beacon
Pak 38 Anti-tank Gun Team
Veteran Squad Leaders
Selects Anti-Tank Incendiary Munitions
Construct Panzerarmee Kommand
Panzer III L Medium Tank
Panzer III L Medium Tank
Tungsten Core Ammunition
Rapid Advance
Armored Reserves
Selects Transfer Depots
Selects Operation Skorpion
Vehicle Survival Package
Selects Disruption Operation
Disruption Operation
Tiger Heavy Tank
Disruption Operation
Construct Mechanized Kompanie
18-tonne Recovery Half-track
Disruption Operation
Panzer III L Medium Tank
Kanade
hasbuquavious
ZFranchise2121
eagles_79
0
0
Comments
sign in to comment!
No comments posted yet!